 Dungeon Crawl Stone Soup version 0.30-a0-800-g7c544603b3 (webtiles) character file.

Game seed: 14131871897223036131

45 dialectric the Caller (level 3, 0/20 HPs)
             Began as a Gargoyle Wanderer on Feb 22, 2023.
             Slain by an orc wizard
             ... wielding a +0 dagger
              (3 damage)
             ... on level 1 of the Dungeon.
             The game lasted 00:02:54 (1307 turns).

dialectric the Caller (Gargoyle Wanderer)           Turns: 1307, Time: 00:02:55

Health: 0/20       AC:  7    Str: 10 (13) XL:     3   Next: 64%
Magic:  2/6        EV: 11    Int: 14 (15) God:
Gold:   90         SH:  0    Dex:  9 (10) Spells: 3/6 levels left

rFire   . . .      SeeInvis .    n - +0 scimitar
rCold   . . .      Faith    .    (no shield)
rNeg    + . .      Spirit   .    c - +0 robe
rPois   ∞          Reflect  .    d - +0 helmet
rElec   +          Harm     .    k - +0 cloak
rCorr   .          Rampage  .    (no gloves)
Will    .....                    (no boots)
Stlth   ++                       (no amulet)
HPRegen 0.23/turn                (no ring)
MPRegen 0.10/turn                (no ring)

@: no status effects
A: sickness immunity, AC +3, negative energy resistance 1, electricity
resistance, torment resistance 1, petrification resistance
a: no special abilities


You were on level 1 of the Dungeon.
You visited 1 branch of the dungeon, and saw 2 of its levels.

You collected 90 gold pieces.

Inventory:

Hand Weapons
 a - a +0 club
 g - a +0 dagger
 n - a +0 scimitar (weapon)
Armour
 c - a +0 robe (worn)
 d - a +0 helmet (worn)
 k - a +0 cloak (worn)
Scrolls
 b - a scroll of fog
 e - a scroll of enchant armour {unknown}
 f - a scroll of enchant weapon {unknown}
 h - 4 scrolls of torment {unknown}
 l - a scroll of teleportation {unknown}
 m - a scroll of acquirement {unknown}


   Skills:
 + Level 1.2 Fighting
 + Level 0.3 Maces & Flails
 + Level 0.4 Dodging
 * Level 2.7 Stealth
 + Level 2.2 Spellcasting
 * Level 3.4 Summonings
 + Level 1.6 Air Magic


You had 3 spell levels left.
You knew the following spells:

 Your Spells              Type           Power      Damage    Failure   Level
a - Summon Guardian Gole  Hex/Summ       6%         N/A       34%         3

Your spell library contained the following spells:

 Spells                   Type           Power      Damage    Failure   Level
 Summon Small Mammal      Summ           44%        N/A       5%          1
 Shock                    Conj/Air       12%        1d3       17%         1
 Mephitic Cloud           Conj/Pois/Air  3%         N/A       50%         3
 Animate Armour           Summ/Erth      12%        N/A       75%         4


Dungeon Overview and Level Annotations

Branches:
Dungeon (2/15)

Altars:


Innate Abilities, Weirdness & Mutations

You are immune to sickness and miasma.
Your stone body is resilient. (AC +3)
You are immune to poison.
You resist negative energy. (rN+)
You are resistant to electric shocks. (rElec)
You are resistant to unholy torment.
You are immune to petrification.


Message History

The orc wizard is moderately wounded.
The orc wizard closely misses you.
You miss the orc wizard.
The orc wizard is moderately wounded.
The orc wizard casts a spell.
The orc wizard flickers and vanishes!
Deactivating autopickup; reactivate with Ctrl-A.
You barely miss something. Something hits you but does no damage.
Something hits you.
You barely miss something.
You hear some strange, mumbled words.
A puff of flame appears from out of thin air!
The puff of flame hits you!
You miss something. Something hits you.
* * * LOW HITPOINT WARNING * * *
Something hits you but does no damage. Something hits you but does no damage.
There is a stone staircase leading up here.
Something hits you.
* * * LOW HITPOINT WARNING * * *
You climb upwards.
Reactivating autopickup.
There is a stone staircase leading down here.
Unknown command.
Casting: Summon Guardian Golem (astonishingly dangerous; 34% risk of failure)
Confirm with . or Enter, or press ? or * to list all spells.
Okay, then.
Deactivating autopickup; reactivate with Ctrl-A.
You closely miss something. Something hits you but does no damage.
Unknown command.
Casting: Summon Guardian Golem (astonishingly dangerous; 34% risk of failure)
Confirm with . or Enter, or press ? or * to list all spells.
The spell is astonishingly dangerous to miscast (34% risk of failure)!
Continue anyway?
Okay, then.
Casting: Summon Guardian Golem (astonishingly dangerous; 34% risk of failure)
Confirm with . or Enter, or press ? or * to list all spells.
The spell is astonishingly dangerous to miscast (34% risk of failure)!
Continue anyway?
A guardian golem appears, shielding your allies.
Something hits you.
You die...

########...........# #........#
#.....##...........# #........#
#.....##...........# ##........+
#.....##...........# #.........#
#.....##...........# #.........#
#.....##...........###.#########
#.....##........................
#.....#########.9..####.........
##.....# #@......+.........
.'.....#########'#######.........
##.....##.........# #.........
##.....##.........# #.........
####'####.........# ####.........
#.......'.........# #............
#.##.####.........# #........####
#.##.# #.........###........# #
#.##.# ####...###...........# #


You could see a friendly guardian golem (summoned).

Vanquished Creatures
  An adder (D:2)
  2 dart slugs (D:1)
  2 orcs (D:1)
  3 ball pythons (D:1)
  2 endoplasms (D:1)
  2 goblins (D:1)
  A hobgoblin (D:1)
  6 jackals
  2 quokkas (D:1)
  A frilled lizard (D:2)
  3 kobolds (D:1)
  2 rats (D:1)
27 creatures vanquished.

Notes
Turn   | Place    | Note
-------+----------+-------------------------------------------
     0 | D:1      | dialectric the Gargoyle Wanderer began the quest for the
                  | Orb.
     0 | D:1      | dialectric set off with the following items: a +0 club, a
                  | scroll of fog, a +0 robe, a +0 helmet; and the following
                  | spells available to memorise: Summon Small Mammal, Shock,
                  | Summon Guardian Golem, Mephitic Cloud, Animate Armour.
     0 | D:1      | Reached XP level 1. HP: 12/12 MP: 3/3
     0 | D:1      | Noticed an octopode
     0 | D:1      | Noticed an elf
     1 | D:1      | Noticed a ghoul
     5 | D:1      | Noticed a vine stalker
     6 | D:1      | Noticed a minotaur
     7 | D:1      | Noticed a formicid
     8 | D:1      | Noticed a vine stalker
    10 | D:1      | Noticed an octopode
    12 | D:1      | Noticed a felid
    14 | D:1      | Noticed a vampire
    14 | D:1      | Noticed a troll
    16 | D:1      | Noticed a felid
    16 | D:1      | Noticed a demonspawn
    16 | D:1      | Noticed a dwarf
    18 | D:1      | Noticed a dwarf
    20 | D:1      | Noticed a barachi
    85 | D:1      | Reached XP level 2. HP: 16/16 MP: 5/5
   114 | D:1      | Reached skill level 3 in Summonings
   640 | D:1      | Reached XP level 3. HP: 19/20 MP: 6/6
  1186 | D:1      | Learned a level 3 spell: Summon Guardian Golem
  1307 | D:1      | Slain by an orc wizard

Illustrated notes

Levels and vault maps discovered:
D:1:      shiori_arrival_whats_in_store_for_you, layout_basic
D:2:      layout_loops_cross, serial_shops, shop, minmay_misc_feat_hallway

Skill      XL: |  1  2 |
---------------+-------+-----
Summonings     | 3 |  3.4
Fighting       | |  1.2
Maces & Flails | |  0.3
Dodging        | |  0.4
Stealth        | |  2.7
Spellcasting   | |  2.2
Air Magic      | |  1.6

Action                     || total
---------------------------++-------
  Melee: Club              ||    57
         Dagger            ||    67
         Punch             ||     1
         Scimitar          ||    26
   Cast: Summon Guardian G ||     1
    Use: Potion            ||     2
   Stab: Sleeping          ||     4
 Armour: Robe              ||    78
  Dodge: Dodged            ||    95

Table legend: (Time is in decaauts)
 A = Elapsed time spent in this place.
 B = Non-inter-level travel time spent in this place.
 C = Inter-level travel time spent in this place.
 D = Time resting spent in this place.
 E = Time spent auto-exploring this place.
 F = Levels seen in this place.
 G = Mean time per level.
                   A        B        C        D        E       F      G
               +--------+--------+--------+--------+--------+-----+--------+
         Total |   1335 |   1262 |     73 |     31 |    861 |   2 |  667.5 |
       Dungeon |   1335 |   1262 |     73 |     31 |    861 |   2 |  667.5 |
               +--------+--------+--------+--------+--------+-----+--------+

Top non-repeatable levels by time:
     D:1: 1153 daAuts
     D:2: 181 daAuts
